 Dungeon Crawl Stone Soup version 0.23.2-1-ga50397a6bc (webtiles) character file.

Game seed: 13509120906190270458

12651 FluffierThanThou the Fighter (level 11, -15/107 HPs)
             Began as a Minotaur Berserker on May 14, 2019.
             Was a High Priest of Trog.
             Demolished by an ettin
             ... wielding a +0 dire flail of crushing
              (33 damage)
             ... on level 10 of the Dungeon.
             The game lasted 00:33:19 (8908 turns).

FluffierThanThou the Fighter (Minotaur Berserker)   Turns: 8908, Time: 00:33:19

Health: -15/107    AC: 17    Str: 26    XL:     11   Next: 65%
Magic:  0/10       EV:  9    Int:  4    God:    Trog [*****.]
Gold:   579        SH:  8    Dex:  9    Spells: 10/10 levels left

rFire    x . .     SeeInvis +   Q - +5 war axe of True Grit {chop, +Fly rF- SInv}
rCold    . . .     Gourm    .   U - +0 shield (curse)
rNeg     . . .     Faith    .   H - +1 chain mail {MR+}
rPois    .         Spirit   +   (helmet restricted)
rElec    .         Reflect  .   (no cloak)
rCorr    .         Harm     .   (no gloves)
MR       +....                  (no boots)
Stlth    ..........             I - amulet of guardian spirit
HPRegen  0.27/turn              (no ring)
MPRegen  0.12/turn              s - +5 ring of protection

@: berserk cooldown, slowed, lightly drained, very slow
A: retaliatory headbutt, horns 2
a: Berserk, Trog's Hand, Brothers in Arms, Renounce Religion, Evoke Flight


You were on level 10 of the Dungeon.
You worshipped Trog.
Trog was extremely pleased with you.
You were near starving.

You visited 2 branches of the dungeon, and saw 11 of its levels.
You also visited: Sewer.

You collected 579 gold pieces.

Inventory:

Hand Weapons
 M - the +3 falchion of the Other Side {slice, rElec Dex+5, unknown}
   (You found it on level 8 of the Dungeon)

   It inflicts extra damage upon your enemies.
   It affects your dexterity (+5).
   It insulates you from electricity.
 Q - the +5 war axe of True Grit (weapon) {chop, +Fly rF- SInv}
   (You took it off a crimson imp on level 8 of the Dungeon)

   It inflicts extra damage upon your enemies.
   It makes you vulnerable to fire.
   It lets you see invisible.
   It lets you fly.
 R - a +4 eveningstar of protection
Missiles
 N - 8 tomahawks of returning (quivered)
Armour
 H - a +1 chain mail of magic resistance (worn)
 U - a cursed +0 shield (worn)
Jewellery
 l - an uncursed ring of fire
 s - a +5 ring of protection (right hand)
 C - a +2 ring of intelligence
 E - an uncursed ring of wizardry
 I - an amulet of guardian spirit (around neck)
 J - an uncursed ring of ice
 K - an uncursed amulet of the acrobat
 P - an uncursed ring of positive energy
Wands
 a - a wand of acid (10)
 v - a wand of digging (6)
 L - a wand of iceblast (13)
 W - a wand of flame (29)
 X - a wand of paralysis (5)
 Z - a wand of polymorph (7)
Scrolls
 d - 7 scrolls of teleportation
 e - 7 scrolls of identify
 h - 15 scrolls of remove curse
 p - 5 scrolls of fog {unknown}
 q - 3 scrolls of amnesia {unknown}
 r - 2 scrolls of magic mapping {unknown}
 t - 3 scrolls of enchant armour
 y - 2 scrolls of noise {unknown}
 D - a scroll of immolation {unknown}
 G - a scroll of silence {unknown}
 T - 2 scrolls of enchant weapon {unknown}
 Y - a scroll of random uselessness {unknown}
Potions
 b - a potion of invisibility {unknown}
 f - 3 potions of lignification {unknown}
 g - 2 potions of flight {unknown}
 i - 2 potions of agility {unknown}
 j - a potion of cancellation {unknown}
 k - a potion of degeneration {unknown}
 m - 2 potions of brilliance {unknown}
 n - 3 potions of curing
 u - 2 potions of might {unknown}
 z - a potion of berserk rage {unknown}
 A - a potion of ambrosia {unknown}
 V - a potion of haste {unknown}
Miscellaneous
 o - a phantom mirror
Comestibles
 c - 19 rations


   Skills:
 + Level 13.1(12.8) Fighting
 + Level 13.0(12.7) Axes
 + Level 9.5(9.3) Armour
 + Level 8.7(8.4) Dodging
 * Level 1.3(1.1) Shields


You had 10 spell levels left.
You didn't know any spells.
Your spell library was empty.

Dungeon Overview and Level Annotations

Branches:
Dungeon (10/15)            Temple (0/1) D:4            Lair (0/6) D:10
    Orc (1/2) D:10

Altars:
Ashenzari
Elyvilon
Fedhas
Gozag
Hepliaklqana
Kikubaaqudgha
Makhleb
Nemelex Xobeh
Okawaru
Ru
Vehumet
Wu Jian
Xom
The Shining One

Shops:
D:5 [   D:8 :   D:10 [   Orc:1 =!


Innate Abilities, Weirdness & Mutations

You reflexively headbutt those who attack you in melee.
You have a pair of horns on your head.


Message History

The warg bites you but does no damage.
The ettin hits you with a +0 dire flail of crushing!!
The ettin hits you with a +0 dire flail!!
* * * LOW HITPOINT WARNING * * *
You climb upwards.
Welcome back to the Dungeon!
There is a staircase to the Orcish Mines here.
Okay, then.
You don't know any spells.
You are too berserk!
You feel your anger nearly subside.
You are no longer berserk.
You are exhausted.
You feel yourself slow down. The warg barely misses you.
You block the warg's attack. The warg closely misses you.
The ettin hits you with a +0 dire flail of crushing!
* * * LOW HITPOINT WARNING * * *
x2 You block the ettin's attack.
There is a stone staircase leading up here.
The ettin barely misses you.
The ettin hits you with a +0 dire flail!!!
You die...

...## #.# #...# #...# ...# #.#
#.#.###.### ...# #.# #.#>......##
...# #.# #.#....#...###
##.#######.#########.#...........
..........#...............#...###
##..######.####.#h######.###.##
.#..######......C<######.###.#
.#...........>..@............#
.##.#####........#############
..........#####.## #.#.#######
#.# #.#.# #.# #.#.# #.# #.#.# #.#
###.###########.# #....<........#


You could see an ettin and a warg.

Vanquished Creatures
  A hydra (D:8)
  2 two-headed ogres
  A death yak (D:10)
  Nergalle (D:10)
  Pikel (D:5)
  A manticore (D:8)
  An elephant (D:10)
  A gargoyle (D:8)
  2 trolls
  2 polar bears (D:9)
  A hippogriff (D:10)
  Sigmund (D:3)
  A basilisk (D:10)
  10 yaks
  A warg (Orc:1)
  A water moccasin (D:7)
  Purgy (Sewer)
  A sky beast (D:10)
  4 ice beasts
  3 phantoms
  2 orc warriors
  9 ogres
  4 centaurs
  A crocodile (D:10)
  2 big kobolds
  5 bullfrogs
  A wyvern zombie (D:8)
  A water moccasin zombie (D:7)
  2 scorpions
  9 killer bees (D:8)
  3 wights (D:10)
  An electric eel (D:9)
  8 crimson imps
  2 centaur zombies
  A bullfrog zombie (D:10)
  An orc priest (D:8)
  5 hounds
  2 centaur skeletons
  2 jellies
  9 orc wizards
  Jessica (D:2)
  A gnoll shaman (D:6)
  Terence (D:3)
  Natasha (twice) (D:4)
  5 worker ants
  3 hound zombies
  12 gnolls
  12 adders
  2 shadow imps
  3 white imps (D:9)
  An ufetubus (D:9)
  An ooze (D:3)
  An adder zombie (D:9)
  3 worms
  2 dart slugs
  An adder simulacrum (D:9)
  5 leopard geckos
  26 orcs
  8 giant cockroaches
  11 goblins
  6 hobgoblins
  4 iguanas
  7 jackals (D:8)
  13 kobolds
  5 quokkas
  A ball python (D:3)
  11 bats
  3 frilled lizards
  A jackal skeleton (D:8)
  A leopard gecko zombie (D:5)
  2 quokka skeletons
  10 rats
  A fungus (D:10)
  A plant (D:5)
274 creatures vanquished.

Vanquished Creatures (others)
  A crimson imp (D:5)
  An orc (D:5)
2 creatures vanquished.

Grand Total: 276 creatures vanquished

Notes
Turn   | Place    | Note
-------+----------+-------------------------------------------
     0 | D:1      | FluffierThanThou the Minotaur Berserker began the quest for
                  | the Orb.
     0 | D:1      | Reached XP level 1. HP: 19/19 MP: 0/0
    51 | D:1      | Reached XP level 2. HP: 21/27 MP: 1/1
   666 | D:2      | Reached ** piety under Trog
   692 | D:2      | Reached XP level 3. HP: 31/33 MP: 2/2
   814 | D:2      | Noticed Jessica
   828 | D:2      | Killed Jessica
   881 | D:2      | Reached XP level 4. HP: 30/41 MP: 3/3
  1415 | D:2      | Found a white marble altar of Elyvilon.
  1584 | D:3      | Reached skill level 5 in Axes
  1692 | D:3      | Reached skill level 5 in Fighting
  1722 | D:3      | Reached XP level 5. HP: 48/48 MP: 4/4
  1757 | D:3      | Found a glowing golden altar of the Shining One.
  1758 | D:3      | Noticed an ogre
  1767 | D:3      | Killed an ogre
  1768 | D:3      | Reached *** piety under Trog
  1854 | D:3      | Noticed Terence
  1864 | D:3      | Killed Terence
  1908 | D:3      | Reached XP level 6. HP: 43/56 MP: 5/5
  2198 | D:3      | Noticed Sigmund
  2214 | D:3      | Killed Sigmund
  2422 | D:4      | Found a glowing drain.
  2435 | Sewer    | Entered a sewer
  2466 | Sewer    | Noticed Purgy
  2477 | Sewer    | Killed Purgy
  2477 | Sewer    | Reached XP level 7. HP: 64/64 MP: 6/6
  2652 | D:4      | Found a shattered altar of Ashenzari.
  2664 | D:4      | Noticed Natasha
  2670 | D:4      | Killed Natasha
  2748 | D:4      | Found a staircase to the Ecumenical Temple.
  3237 | D:4      | Noticed Natasha
  3241 | D:4      | Killed Natasha
  3408 | D:4      | Found a blossoming altar of Fedhas.
  3605 | D:5      | Entered Level 5 of the Dungeon
  3871 | D:5      | Reached XP level 8. HP: 61/73 MP: 7/7
  3889 | D:5      | Noticed Pikel
  3901 | D:5      | Reached **** piety under Trog
  3909 | D:5      | Killed Pikel
  3909 | D:5      | Reached skill level 5 in Armour
  3909 | D:5      | Reached skill level 5 in Dodging
  3986 | D:5      | Found Ledaronao's Armour Boutique.
  4090 | D:5      | Found a shimmering altar of Xom.
  4218 | D:5      | Found a hazy altar of Hepliaklqana.
  4340 | D:5      | Found a burning altar of Makhleb.
  4525 | D:6      | Found a shimmering altar of Xom.
  4543 | D:6      | Reached XP level 9. HP: 74/83 MP: 8/8
  5071 | D:7      | Found an iron altar of Okawaru.
  5411 | D:7      | Reached skill level 10 in Fighting
  5411 | D:7      | Reached skill level 10 in Axes
  5637 | D:7      | Found an ornate altar of the Wu Jian Council.
  5775 | D:7      | Found a sparkling altar of Nemelex Xobeh.
  6070 | D:7      | Found an opulent altar of Gozag.
  6070 | D:7      | Found an ancient bone altar of Kikubaaqudgha.
  6284 | D:8      | Received a gift from Trog
  6362 | D:8      | Noticed a two-headed ogre
  6368 | D:8      | Killed a two-headed ogre
  6368 | D:8      | Reached XP level 10. HP: 49/94 MP: 4/9
  6586 | D:8      | Found a sacrificial altar of Ru.
  6651 | D:8      | Noticed a manticore
  6659 | D:8      | Killed a manticore
  6704 | D:8      | Noticed a gargoyle
  6718 | D:8      | Killed a gargoyle
  6727 | D:8      | Identified the +5 war axe of True Grit {chop, +Fly rF-
                  | SInv}
  6747 | D:8      | Identified the Grimoire of the Helpful Rocks
  6747 | D:8      | Noticed an eight-headed hydra
  6751 | D:8      | Killed a ten-headed hydra
  6763 | D:8      | Noticed a two-headed ogre
  6797 | D:7      | Killed a two-headed ogre
  7352 | D:8      | Got an encrusted falchion
  7364 | D:8      | Identified the +1 hand crossbow "Voskeohol" {venom, rN+
                  | Stlth+}
  7445 | D:8      | Found Soiv's Book Boutique.
  7672 | D:9      | Reached ***** piety under Trog
  7718 | D:9      | Reached XP level 11. HP: 104/104 MP: 10/10
  8144 | D:10     | Entered Level 10 of the Dungeon
  8160 | D:10     | Found a staircase to the Orcish Mines.
  8267 | D:10     | Received a gift from Trog
  8269 | D:10     | Noticed a death yak
  8275 | D:10     | Found a radiant altar of Vehumet.
  8286 | D:10     | Killed a death yak
  8365 | D:10     | Found a staircase to the Lair.
  8584 | D:10     | Found Atuph's Armour Shoppe.
  8671 | D:10     | Noticed Nergalle
  8681 | D:10     | Killed Nergalle
  8886 | Orc:1    | Entered Level 1 of the Orcish Mines
  8886 | Orc:1    | Found Fakh's Distillery.
  8886 | Orc:1    | Found Nafeisyl's Jewellery Emporium.
  8889 | Orc:1    | Noticed an ettin
  8895 | Orc:1    | Noticed an orc knight
  8896 | Orc:1    | Reached skill level 1 in Shields
  8908 | D:10     | Demolished by an ettin

Skill      XL: |  1  2  3  4  5  6  7  8  9 10 11 |
---------------+----------------------------------+-----
Fighting       | 4 5 6 7 9 10 12 13 | 13.1
Axes           | 4 5 6 7 9 10 12 13 | 13.0
Armour         | 3 4 6 7 8 9 |  9.5
Dodging        | 3 4 5 6 7 8 |  8.7
Shields        | 1 |  1.3

Action                   |  1- 3 |  4- 6 |  7- 9 | 10-12 || total
-------------------------+-------+-------+-------+-------++-------
Melee: Hand axe          |    77 |   128 |    99 |       ||   304
       Headbutt          |     8 |    24 |    55 |    59 ||   146
       War axe           |       |       |   170 |   254 ||   424
Invok: Berserk           |     1 |     3 |     4 |     5 ||    13
       Trog's Hand       |       |       |     1 |     1 ||     2
  Use: Scroll            |       |       |     3 |       ||     3
       Potion            |       |       |       |     3 ||     3
  Eat: Chunk             |       |     6 |     6 |     5 ||    17
       Ration            |       |     1 |     3 |     2 ||     6
Armor: Animal skin       |    12 |       |       |       ||    12
       Ring mail         |     7 |    33 |    27 |       ||    67
       Chain mail        |       |       |    65 |   122 ||   187
Dodge: Dodged            |    57 |    77 |   146 |   131 ||   411
Block: Shield            |       |       |       |    49 ||    49
